 Dungeon Crawl Stone Soup version 0.22-a0-603-gfc1114d (webtiles) character file.

3930 Hebeh the Protected (level 10, -6/130 (132) HPs)
             Began as a Minotaur Fighter on July 7, 2018.
             Was a Priest of Trog.
             Mangled by a two-headed ogre
             ... wielding a +0 giant club
              (22 damage)
             ... on level 8 of the Dungeon.
             The game lasted 00:37:10 (6910 turns).

Hebeh the Protected (Minotaur Fighter)              Turns: 6910, Time: 00:37:12

HP:   -6/130 (132)  AC: 10    Str: 34    XL:     10   Next: 1%
MP:   11/11         EV:  9    Int:  7    God:    Trog [***...]
Gold: 321           SH: 12    Dex: 13    Spells: 9/9 levels left

rFire    . . .     SeeInvis .   a - +4 spear of Xaradwos {pierce, Int+2 Dex+3}
rCold    . . .     Gourm    .   c - +0 shield
rNeg     . . .     Faith    .   q - +0 scale mail
rPois    .         Spirit   .   (helmet restricted)
rElec    .         Reflect  .   h - +0 cloak
rCorr    .         Harm     .   t - +0 pair of gloves
MR       ++...                  (no boots)
Stlth    ..........             e - amulet of regeneration
HPRegen  1.71/turn              s - +5 ring of strength
MPRegen  0.12/turn              D - ring of stealth

@: berserking, regenerating, very quick
A: retaliatory headbutt, horns 2
a: Berserk, Trog's Hand, Renounce Religion


You were on level 8 of the Dungeon.
You worshipped Trog.
Trog was most pleased with you.
You were very hungry.

You visited 1 branch of the dungeon, and saw 8 of its levels.
You also visited: Ossuary.

You collected 573 gold pieces.
You spent 252 gold pieces at shops.

Inventory:

Hand Weapons
 a - the +4 spear of Xaradwos (weapon) {pierce, Int+2 Dex+3}
   (You found it on level 8 of the Dungeon)

   It inflicts extra damage upon your enemies.
   It affects your intelligence (+2).
   It affects your dexterity (+3).
 b - a +0 hunting sling
 w - a +4 trident of venom
 A - a +3 flail
 J - a +0 war axe
 K - a +1 trident of flaming
Missiles
 k - 237 stones (quivered)
 p - 60 sling bullets
Armour
 c - a +0 shield (worn)
 h - a +0 cloak (worn)
 q - a +0 scale mail (worn)
 t - a +0 pair of gloves (worn)
 y - a +0 ring mail of fire resistance
Jewellery
 e - an amulet of regeneration (around neck)
 s - a +5 ring of strength (left hand)
 D - a ring of stealth (right hand)
Wands
 v - a wand of polymorph (10)
Scrolls
 i - 2 scrolls of fog
 m - 4 scrolls of magic mapping
 n - 10 scrolls of remove curse
 r - 3 scrolls of immolation
 x - a scroll of identify
 H - 5 scrolls of teleportation
Potions
 d - a potion of might
 g - 3 potions of curing
 j - a potion of flight
 l - a potion of cancellation {unknown}
 o - 2 potions of haste
 C - 2 potions of lignification
 F - 2 potions of invisibility
Comestibles
 f - 16 rations


   Skills:
 + Level 7.9 Fighting
 - Level 7.4(8.7) Axes
 - Level 3.8(6.1) Maces & Flails
 * Level 5.5(7.3) Polearms
 + Level 4.2 Slings
 + Level 8.0 Armour
 + Level 7.9 Shields
 + Level 3.5 Evocations


You had 9 spell levels left.
You didn't know any spells.
Your spell library was empty.

Dungeon Overview and Level Annotations

Branches:
Dungeon (8/15)             Temple (0/1) D:6
   Lair: D:8-11

Altars:
Cheibriados
Nemelex Xobeh
Sif Muna
Trog
Uskayaw
The Shining One

Shops:
D:4 ?


Innate Abilities, Weirdness & Mutations

You reflexively headbutt those who attack you in melee.
You have a pair of horns on your head.


Message History

The two-headed ogre hits you with a giant club!
* * * LOW HITPOINT WARNING * * *
The two-headed ogre hits you with a giant club!
* * * LOW HITPOINT WARNING * * *
There is a stone staircase leading up, spattered with blood here.
Your skin crawls.
You feel resistant to hostile enchantments.
You feel somewhat more hungry. You block the two-headed ogre's attack.
The two-headed ogre hits you with a giant club.
* * * LOW HITPOINT WARNING * * *
A red film seems to cover your vision as you go berserk!
You feel yourself moving faster!
You feel mighty!
You are feeling very hungry.
You puncture the two-headed ogre!
Your headbutt misses the two-headed ogre.
The two-headed ogre is severely wounded.
The two-headed ogre barely misses you. You furiously retaliate!
You headbutt the two-headed ogre!
The two-headed ogre hits you with a giant club!!
You die...

...[.....####...........#........
..รท.....## #...........#........
.......######...........#........
........................#........
........#####....................
..........# #.###########........
..........###..######## #.....%..
...............O......###........
..........##....@....>...........
####.....#####.##########........
#####... ...# ######### #####..#
#..# ####


You could see a two-headed ogre.

Vanquished Creatures
  2 hippogriffs (D:7)
  Sigmund (D:4)
  Eustachio (D:6)
  The ghost of sking99 the Poker, an amateur DsMo (D:4)
  A steam dragon (D:8)
  A black bear (D:8)
  A necrophage (D:7)
  An eye of draining (D:6)
  3 ogres
  5 centaurs
  A big kobold (D:7)
  2 bullfrogs
  3 scorpions
  3 wights (D:4)
  2 howler monkeys
  3 crimson imps
  A centaur zombie (D:8)
  5 hounds
  A jelly (D:6)
  2 bullfrog zombies
  A bullfrog skeleton (D:4)
  6 orc priests
  5 orc wizards
  4 iguanas
  Natasha (thrice) (D:3)
  5 worker ants
  A hound zombie (D:4)
  6 mummies
  8 gnolls
  19 adders
  2 shadow imps (D:5)
  2 oozes (D:2)
  2 adder skeletons
  4 worms
  3 dart slugs
  4 leopard geckos
  26 orcs
  11 giant cockroaches
  10 goblins
  10 hobgoblins
  9 jackals
  3 quokkas
  4 bats
  6 frilled lizards
  2 goblin zombies (Ossuary)
  2 hobgoblin zombies (Ossuary)
  12 kobolds
  4 kobold zombies
  2 leopard gecko skeletons
  2 orc zombies (Ossuary)
  A quokka skeleton (D:7)
  9 rats
228 creatures vanquished.

Notes
Turn   | Place    | Note
-------+----------+-------------------------------------------
     0 | D:1      | Hebeh the Minotaur Fighter began the quest for the Orb.
     0 | D:1      | Reached XP level 1. HP: 19/19 MP: 0/0
   197 | D:1      | Reached XP level 2. HP: 25/27 MP: 1/1
   592 | D:2      | Reached skill level 4 in Armour
   599 | D:2      | Found a faded altar of an unknown god.
   647 | D:2      | Reached XP level 3. HP: 33/33 MP: 2/2
   723 | D:2      | Noticed a dagger
   723 | D:2      | Noticed a hand axe
   726 | D:2      | Found a hide-covered altar of Uskayaw.
  1067 | D:2      | Reached XP level 4. HP: 31/40 MP: 3/3
  1452 | D:3      | Reached XP level 5. HP: 44/47 MP: 4/4
  1611 | D:3      | Noticed Natasha
  1618 | D:3      | Killed Natasha
  1771 | D:3      | Noticed Natasha
  1789 | D:3      | Killed Natasha
  1789 | D:3      | Reached skill level 5 in Axes
  1791 | D:3      | Reached XP level 6. HP: 44/55 MP: 5/5
  1938 | D:3      | Found a bloodstained altar of Trog.
  1953 | D:3      | Became a worshipper of Trog the Wrathful
  1988 | D:3      | Noticed Natasha
  1997 | D:3      | Killed Natasha
  1997 | D:3      | Reached skill level 5 in Armour
  2038 | D:3      | Found a deep blue altar of Sif Muna.
  2041 | D:3      | Found a snail-covered altar of Cheibriados.
  2047 | D:3      | Found a glowing golden altar of the Shining One.
  2096 | D:3      | Reached skill level 5 in Fighting
  2096 | D:3      | Reached skill level 5 in Shields
  2613 | D:4      | Reached XP level 7. HP: 61/61 MP: 6/6
  2676 | D:4      | Reached * piety under Trog
  2773 | D:4      | Found Qiegack's Magic Scroll Shop.
  2778 | D:4      | Bought a scroll of identify for 28 gold pieces
  2778 | D:4      | Bought a scroll of identify for 28 gold pieces
  2778 | D:4      | Bought a scroll of magic mapping for 49 gold pieces
  2778 | D:4      | Bought a scroll of remove curse for 42 gold pieces
  2832 | D:4      | Noticed Sigmund
  2844 | D:4      | Killed Sigmund
  2844 | D:4      | Reached skill level 6 in Armour
  2976 | D:4      | Found a sparkling altar of Nemelex Xobeh.
  2982 | D:4      | Reached XP level 8. HP: 70/70 MP: 7/7
  3027 | D:4      | Found a runed gate.
  3027 | D:4      | Found a runed gate.
  3027 | D:4      | Found a runed gate.
  3285 | D:4      | Noticed sking99's ghost (amateur DsMo)
  3323 | D:4      | Killed sking99's ghost
  3323 | D:4      | Reached skill level 1 in Maces & Flails
  3327 | D:4      | Reached skill level 1 in Slings
  3384 | D:5      | Entered Level 5 of the Dungeon
  3470 | D:5      | Reached skill level 1 in Evocations
  3680 | D:5      | Reached ** piety under Trog
  4374 | D:4      | Bought a scroll of enchant weapon for 105 gold pieces
  4466 | D:6      | Reached skill level 1 in Polearms
  4532 | D:6      | Reached skill level 7 in Armour
  4532 | D:6      | Reached XP level 9. HP: 78/78 MP: 0/9
  4658 | D:6      | Found a staircase to the Ecumenical Temple.
  4778 | D:6      | Noticed Eustachio
  4790 | D:6      | Killed Eustachio
  5547 | D:7      | Reached *** piety under Trog
  5609 | D:7      | Found a sand-covered staircase.
  5624 | Ossuary  | Entered an ossuary
  6456 | D:7      | Reached skill level 5 in Polearms
  6650 | D:8      | Reached skill level 8 in Armour
  6659 | D:8      | Got a crude spear
  6711 | D:7      | Identified the +4 spear of Xaradwos {pierce, Int+2 Dex+3} (You found it on level 8 of the Dungeon)
  6736 | D:8      | Reached XP level 10. HP: 87/87 MP: 11/11
  6866 | D:8      | Noticed a two-headed ogre
  6910 | D:8      | Mangled by a two-headed ogre

Vault maps used:
D:1:      mrwooster_arrival_statue_3
D:2:      dancing_weapons_uskayaw, chequers_ecumenical_altar_island,
          first_ration
D:3:      marbit_many_paths, grunt_temple_overflow_diamond, serial_bayou_pond_c,
          uniq_natasha
D:4:      overflow_temple_1_default, gammafunk_ghost_necromancy, serial_shops,
          nicolae_shop_statue_plus, uniq_sigmund
D:5:      cheibrodos_fzero, hangedman_abyss_or_decor_stagger,
          serial_bayou_crossing
D:6:      minmay_temple_entry_grid, serial_glass, glass_columns_b,
          glass_columns_c, corner_web_ring, uniq_eustachio
D:7:      nicolae_ossuary_entry_giza, minmay_misc_feat_rows
Ossuary:  ossuary_crypta

Skill      XL: |  1  2  3  4  5  6  7  8  9 |
---------------+----------------------------+-----
Axes           | 3 4 5 6 7 |  7.4
Armour         | 4 5 6 7 8 |  8.0
Fighting       | 4 5 6 7 |  7.9
Shields        | 4 5 6 7 |  7.9
Maces & Flails | 3 |  3.8
Slings         | 2 4 |  4.2
Evocations     | 2 3 |  3.5
Polearms       | 1 5 |  5.5

Action                   |  1- 3 |  4- 6 |  7- 9 | 10-12 || total
-------------------------+-------+-------+-------+-------++-------
Melee: War axe           |    80 |   147 |    62 |       ||   289
       Headbutt          |     9 |    18 |    70 |     4 ||   101
       Flail             |       |       |    67 |       ||    67
       Trident           |       |       |   193 |       ||   193
       Spear             |       |       |     2 |    16 ||    18
 Fire: Hunting sling     |    15 |     9 |       |       ||    24
Invok: Berserk           |       |       |       |     1 ||     1
       Trog's Hand       |       |       |       |     1 ||     1
  Use: Scroll            |       |       |    18 |       ||    18
  Eat: Chunk             |     1 |     4 |    14 |     1 ||    20
Armor: Scale mail        |    38 |    63 |   123 |     3 ||   227
Dodge: Dodged            |    25 |    48 |   100 |     9 ||   182
Block: Shield            |    34 |    73 |   198 |     7 ||   312

Table legend:
 A = Spawn XP
 B = Non-spawn XP
 C = Spawn XP percentage of total XP
 D = Spawn monster count
 E = Non-spawn monster count
 F = Spawn count percentage of total count
 G = Total turns spent on level
                    A         B        C        D         E        F      G
               +---------+---------+-------+---------+---------+-------+---------
         Total |       0 |    5615 |   0.0 |       0 |     228 |   0.0 |  6910
               +---------+---------+-------+---------+---------+-------+---------
           D:1 |       0 |      23 |   0.0 |       0 |      12 |   0.0 |   502
           D:2 |       0 |     100 |   0.0 |       0 |      35 |   0.0 |   938
           D:3 |       0 |     428 |   0.0 |       0 |      42 |   0.0 |  1123
           D:4 |       0 |    1284 |   0.0 |       0 |      36 |   0.0 |   916
           D:5 |       0 |     677 |   0.0 |       0 |      23 |   0.0 |   954
           D:6 |       0 |    1043 |   0.0 |       0 |      19 |   0.0 |   837
           D:7 |       0 |    1346 |   0.0 |       0 |      33 |   0.0 |  1046
           D:8 |       0 |     613 |   0.0 |       0 |      15 |   0.0 |   335
       Ossuary |       0 |     101 |   0.0 |       0 |      13 |   0.0 |   259
               +---------+---------+-------+---------+---------+-------+---------
